 Dungeon Crawl Stone Soup version 0.28.0-43-g3370ac3207 (webtiles) character file.

Game seed: 3103166072863925483

159 jimonade the Conjurer (level 5, -8/37 HPs)
             Began as a Gnoll Wanderer on Mar 19, 2022.
             Killed by divine providence
             ... invoked by an orc priest
              (12 damage)
             ... on level 3 of the Dungeon.
             The game lasted 00:07:44 (3613 turns).

jimonade the Conjurer (Gnoll Wanderer)              Turns: 3613, Time: 00:07:44

Health: -8/37      AC:  2    Str: 12    XL:     5   Next: 40%
Magic:  10/12      EV: 11    Int: 14    God:
Gold:   77         SH:  0    Dex: 10    Spells: 7/14 levels left

rFire   . . .      SeeInvis .     - Unarmed
rCold   . . .      Faith    .   (no shield)
rNeg    . . .      Spirit   .   c - +0 robe
rPois   .          Reflect  .   (no helmet)
rElec   .          Harm     .   (no cloak)
rCorr   .          Rampage  .   (no gloves)
Will    .....                   (no boots)
Stlth   ++........              (no amulet)
HPRegen 0.12/turn               (no ring)
MPRegen 0.13/turn               (no ring)

@: no status effects
A: fangs 1, strong nose, distributed training
a: no special abilities


You were on level 3 of the Dungeon.
You visited 1 branch of the dungeon, and saw 3 of its levels.

You collected 77 gold pieces.

Inventory:

Missiles
 b - 88 stones
 f - 5 javelins
 h - 26 sling bullets
Armour
 c - a +0 robe (worn)
Scrolls
 e - a scroll of vulnerability {unknown}
 g - a scroll of identify {unknown}
 i - 3 scrolls of fog
 j - a scroll of holy word {unknown}
 l - a scroll of immolation {unknown}
 m - a scroll of torment {unknown}
Potions
 a - a potion of heal wounds {unknown}
 k - a potion of attraction {unknown}
Miscellaneous
 d - a piece from Xom's chessboard (15/15)


   Skills:
 + Level 1.4 Fighting
 + Level 1.4 Short Blades
 + Level 1.4 Long Blades
 + Level 1.4 Axes
 + Level 1.4 Maces & Flails
 + Level 1.4 Polearms
 + Level 1.4 Staves
 + Level 1.4 Slings
 + Level 1.4 Bows
 + Level 1.4 Crossbows
 + Level 1.4 Throwing
 + Level 3.0 Armour
 + Level 1.4 Dodging
 + Level 1.4 Stealth
 + Level 1.4 Shields
 + Level 1.4 Unarmed Combat
 + Level 5.2 Spellcasting
 + Level 7.2 Conjurations
 + Level 1.1 Hexes
 + Level 1.1 Summonings
 + Level 1.1 Necromancy
 + Level 1.1 Translocations
 + Level 1.1 Transmutations
 + Level 1.1 Fire Magic
 + Level 1.1 Ice Magic
 + Level 1.1 Air Magic
 + Level 3.9 Earth Magic
 + Level 1.1 Poison Magic
 + Level 1.6 Invocations
 + Level 3.0 Evocations


You had 7 spell levels left.
You knew the following spells:

 Your Spells              Type           Power      Damage    Failure   Level
a - Foxfire               Conj/Fire      60%        2x1d7     3%          1
b - Stone Arrow           Conj/Erth      38%        3d9       5%          3
c - Dazzling Flash        Conj/Hex       30%        N/A       9%          3

Your spell library contained the following spells:

 Spells                   Type           Power      Damage    Failure   Level
 Sandblast                Erth           28%        2d8       3%          1
 Static Discharge         Conj/Air       15%        N/A       4%          2
 Mephitic Cloud           Conj/Pois/Air  12%        N/A       14%         3
 Ignite Poison            Fire/Tmut/Pois 6%         N/A       32%         3
 Freezing Cloud           Conj/Ice/Air   6%         6-21      78%         5


Dungeon Overview and Level Annotations

Branches:
Dungeon (3/15)

Altars:


Innate Abilities, Weirdness & Mutations

You have very sharp teeth.
Your uncanny sense of smell can sniff out nearby items.
Your experience applies equally to all skills.


Message History

You punch the orc priest, but do no damage.
Your bite misses the orc priest.
The orc priest is moderately wounded.
The foxfire hits the orc priest but does no damage.
The orc priest is moderately wounded.
Casting: Foxfire (safe; 3% risk of failure)
Press: ? - help, Q - select action, (/) - cycle Dir - look around, f - activate You conjure some foxfire!
The orc priest hits you but does no damage.
Casting: Foxfire (safe; 3% risk of failure)
Press: ? - help, Q - select action, (/) - cycle Dir - look around, f - activate
There is not enough space to conjure foxfire!
You hit the orc priest.
The orc priest is heavily wounded.
The foxfire hits the orc priest.
The orc priest is severely wounded.
The orc priest hits you but does no damage.
You closely miss the orc priest.
The orc priest is severely wounded.
The orc priest hits you but does no damage.
Casting: Foxfire (safe; 3% risk of failure)
Press: ? - help, Q - select action, (/) - cycle Dir - look around, f - activate You conjure some foxfire!
The orc priest barely misses you.
The orc priest looks encouraged for a moment.
You hit the orc priest.
The orc priest is severely wounded.
The foxfire hits the orc priest.
The orc priest is almost dead.
Casting: Foxfire (safe; 3% risk of failure)
Press: ? - help, Q - select action, (/) - cycle Dir - look around, f - activate
There is not enough space to conjure foxfire!
Casting: Foxfire (safe; 3% risk of failure)
Press: ? - help, Q - select action, (/) - cycle Dir - look around, f - activate
There is not enough space to conjure foxfire!
You hit the orc priest.
You kill the orc priest!
The orc priest calls down the wrath of Beogh upon you.
Beogh smites you!
You die...

########## .........#
###†#.##.#########
###.#.##.#.....)@#
##.....#.#.#####o#
##..#...>#.#####.#######
##..#......).o.........#
.........#.#####.#.#####
##o#######.#####.#.#
##.# #.o.....#.## #..#
##########..# #.##
#....^# ####


You could see an orc priest.

Vanquished Creatures
  An orc priest (D:3)
  Natasha (thrice) (D:3)
  An orc wizard (D:3)
  2 dart slugs
  4 orcs (D:3)
  6 ball pythons
  6 bats
  7 endoplasms
  2 giant cockroaches
  3 goblins
  4 hobgoblins
  2 jackals (D:1)
  5 frilled lizards
  A kobold (D:2)
  4 rats
  A spectral kobold (D:1)
52 creatures vanquished.

Vanquished Creatures (others)
  193 foxfires
193 creatures vanquished.

Grand Total: 245 creatures vanquished

Notes
Turn   | Place    | Note
-------+----------+-------------------------------------------
     0 | D:1      | jimonade the Gnoll Wanderer began the quest for the Orb.
     0 | D:1      | jimonade set off with the following items: a +0 club, 28
                  | stones, a +0 robe, a piece from Xom's chessboard (15/15);
                  | and the following spells available to memorise: Foxfire,
                  | Sandblast, Stone Arrow, Static Discharge, Dazzling Flash
     0 | D:1      | Reached XP level 1. HP: 13/13 MP: 6/6
     2 | D:1      | Learned a level 1 spell: Foxfire
   641 | D:1      | Reached XP level 2. HP: 19/19 MP: 5/7
  1106 | D:1      | Reached skill level 5 in Spellcasting
  1106 | D:1      | Reached XP level 3. HP: 25/25 MP: 5/9
  1245 | D:1      | Learned a level 3 spell: Stone Arrow
  1249 | D:1      | Learned a level 3 spell: Dazzling Flash
  1338 | D:1      | Found a faded altar of an unknown god.
  1864 | D:2      | Reached skill level 1 in Invocations
  2737 | D:3      | Noticed Natasha
  2762 | D:3      | Killed Natasha
  2763 | D:3      | Reached skill level 1 in Fighting
  2763 | D:3      | Reached skill level 1 in Short Blades
  2763 | D:3      | Reached skill level 1 in Long Blades
  2763 | D:3      | Reached skill level 1 in Axes
  2763 | D:3      | Reached skill level 1 in Maces & Flails
  2763 | D:3      | Reached skill level 1 in Polearms
  2763 | D:3      | Reached skill level 1 in Staves
  2763 | D:3      | Reached skill level 1 in Slings
  2763 | D:3      | Reached skill level 1 in Bows
  2763 | D:3      | Reached skill level 1 in Crossbows
  2763 | D:3      | Reached skill level 1 in Throwing
  2763 | D:3      | Reached skill level 1 in Dodging
  2763 | D:3      | Reached skill level 1 in Stealth
  2763 | D:3      | Reached skill level 1 in Shields
  2763 | D:3      | Reached skill level 1 in Unarmed Combat
  2763 | D:3      | Reached XP level 4. HP: 17/32 MP: 1/11
  2979 | D:3      | Noticed Natasha
  2991 | D:3      | Killed Natasha
  2992 | D:3      | Reached skill level 1 in Hexes
  2992 | D:3      | Reached skill level 1 in Summonings
  2992 | D:3      | Reached skill level 1 in Necromancy
  2992 | D:3      | Reached skill level 1 in Translocations
  2992 | D:3      | Reached skill level 1 in Transmutations
  2992 | D:3      | Reached skill level 1 in Fire Magic
  2992 | D:3      | Reached skill level 1 in Ice Magic
  2992 | D:3      | Reached skill level 1 in Air Magic
  2992 | D:3      | Reached skill level 1 in Poison Magic
  3153 | D:3      | Reached XP level 5. HP: 22/37 MP: 3/12
  3278 | D:3      | Noticed Natasha
  3285 | D:3      | Killed Natasha
  3613 | D:3      | Killed from afar by an orc priest

Illustrated notes

Levels and vault maps discovered:
D:1:      dpeg_arrival_arbitrary_c, layout_loops_cross,
          dreamdust_ecumenical_altar_drowned_temple
D:2:      layout_basic
D:3:      layout_loops_cross, uniq_terence, uniq_crazy_yiuf_cottage,
          uniq_natasha, uniq_robin

Skill      XL: |  1  2  3  4  5 |
---------------+----------------+-----
Spellcasting   | 5 |  5.2
Invocations    | 1 |  1.6
Fighting       | 1 |  1.4
Short Blades   | 1 |  1.4
Long Blades    | 1 |  1.4
Axes           | 1 |  1.4
Maces & Flails | 1 |  1.4
Polearms       | 1 |  1.4
Staves         | 1 |  1.4
Slings         | 1 |  1.4
Bows           | 1 |  1.4
Crossbows      | 1 |  1.4
Throwing       | 1 |  1.4
Dodging        | 1 |  1.4
Stealth        | 1 |  1.4
Shields        | 1 |  1.4
Unarmed Combat | 1 |  1.4
Hexes          | 1 |  1.1
Summonings     | 1 |  1.1
Necromancy     | 1 |  1.1
Translocations | 1 |  1.1
Transmutations | 1 |  1.1
Fire Magic     | 1 |  1.1
Ice Magic      | 1 |  1.1
Air Magic      | 1 |  1.1
Poison Magic   | 1 |  1.1
Armour         | 3 |  3.0
Evocations     | 3 |  3.0
Conjurations   | |  7.2
Earth Magic    | |  3.9

Action                   |  1- 3 |  4- 6 || total
-------------------------+-------+-------++-------
Melee: Unarmed           |     5 |     5 ||    10
       Bite              |     1 |       ||     1
       Punch             |       |     1 ||     1
 Cast: Foxfire           |    79 |    42 ||   121
  Use: Scroll            |     1 |       ||     1
Armor: Robe              |     5 |     6 ||    11
Dodge: Dodged            |    17 |     5 ||    22
